SAAA
PHOENIX HOTSPUR RESERVES @ PENNSAUKEN FLYERS
06/04/2034
 
TOP OF THE 1ST
Phoenix Hotspur Reserves batting - Pitching for Pennsauken Flyers : RHP Romano Martínez
Pitching: RHP Romano Martínez
Batting: RHB Sinfronio Vitor 0-0: Called Strike
0-1: Ball
1-1: Foul Ball, location: 2F
1-2: Ball
2-2: Ball
3-2: Base on Balls
Batting: RHB Jim Justice 0-0: Ball
1-0: Called Strike
1-1: Swinging Strike
1-2: Ball
2-2: Foul Ball, location: 2F
2-2: Strikes out swinging
Batting: RHB Hieronymus Bosch 0-0: Ball
Sinfronio Vitor steals 2nd base
1-0: Called Strike
1-1: Ball
2-1: Fly out, F8 (Flyball, 8LD)
Batting: LHB Jason DeGeorge 0-0: Called Strike
0-1: SINGLE (Groundball, 6D) (infield hit)
Sinfronio Vitor to third
Batting: RHB Satoshi Terada 0-0: Called Strike
0-1: Fielders Choice at 2nd, 6-4 (Groundball, 6)
Top of the 1st over - 0 runs, 1 hit, 0 errors, 2 left on base; Phoenix 0 - Pennsauken 0
BOTTOM OF THE 1ST
Pennsauken Flyers batting - Pitching for Phoenix Hotspur Reserves : RHP Larry Souder
Pitching: RHP Larry Souder
Batting: RHB Enrique Ibarra 0-0: Swinging Strike
0-1: SINGLE (Line Drive, 9LS)
Batting: LHB Ignacio Martínez 0-0: Called Strike
0-1: Ball
1-1: Ball
2-1: Ball
3-1: Grounds into double play, 6-4-3 (Groundball, 6)
Batting: RHB José Rodríguez 0-0: Called Strike
0-1: Called Strike
0-2: Foul Ball, location: 2F
0-2: Strikes out swinging
Bottom of the 1st over - 0 runs, 1 hit, 0 errors, 0 left on base; Phoenix 0 - Pennsauken 0
TOP OF THE 2ND
Phoenix Hotspur Reserves batting - Pitching for Pennsauken Flyers : RHP Romano Martínez
Batting: RHB Solomon Norment 0-0: Ground out 3-1 (Groundball, 34)
Batting: RHB Bernardo Rivera 0-0: Ball
1-0: Ground out 6-3 (Groundball, 6MD)
Batting: RHB Germán Alfaro 0-0: Fly out, F8 (Flyball, 8RXD)
Top of the 2nd over - 0 runs, 0 hits, 0 errors, 0 left on base; Phoenix 0 - Pennsauken 0
BOTTOM OF THE 2ND
Pennsauken Flyers batting - Pitching for Phoenix Hotspur Reserves : RHP Larry Souder
Batting: LHB Arana Sashi 0-0: Foul Ball, location: 2F
0-1: Ball
1-1: Swinging Strike
1-2: Foul Ball, location: 2F
1-2: Ball
2-2: Foul Ball, location: 2F
2-2: Fly out, F9 (Line Drive, 9LM)
Batting: SHB Chris Williamson 0-0: Ball
1-0: Foul Ball, location: 2F
1-1: Ball
2-1: SINGLE (Groundball, 6MD)
Batting: RHB Raúl Moreno 0-0: Ball
1-0: Foul Ball, location: 2F
1-1: Ball
2-1: Ball
3-1: SINGLE (Flyball, 78S)
Chris Williamson to second
Batting: RHB Dave Ash 0-0: Called Strike
0-1: Ball
1-1: Ball
2-1: Grounds into double play, 3-6-1 (Groundball, 34)
Bottom of the 2nd over - 0 runs, 2 hits, 0 errors, 1 left on base; Phoenix 0 - Pennsauken 0
TOP OF THE 3RD
Phoenix Hotspur Reserves batting - Pitching for Pennsauken Flyers : RHP Romano Martínez
Batting: RHB Carl Tucker 0-0: DOUBLE (Line Drive, 78S)
Batting: RHB Sinfronio Vitor 0-0: Called Strike
0-1: Called Strike
0-2: Ball
1-2: Foul Ball, location: 2F
1-2: SINGLE (Line Drive, 56)
Carl Tucker to third
Batting: RHB Jim Justice 0-0: Ball
1-0: Grounds into double play, 5-4-3 (Groundball, 56)
Carl Tucker scores
Batting: RHB Hieronymus Bosch 0-0: Called Strike
0-1: Ball
1-1: Foul Ball, location: 2F
1-2: Ball
2-2: Foul Ball, location: 2F
2-2: Foul Ball, location: 2F
2-2: SINGLE (Groundball, 56D)
Batting: LHB Jason DeGeorge 0-0: Ball
1-0: Fly out, F6 (Popup, 6)
Top of the 3rd over - 1 run, 3 hits, 0 errors, 1 left on base; Phoenix 1 - Pennsauken 0
BOTTOM OF THE 3RD
Pennsauken Flyers batting - Pitching for Phoenix Hotspur Reserves : RHP Larry Souder
Batting: RHB Roy McFerran 0-0: Called Strike
0-1: Foul Ball, location: 2F
0-2: Ball
1-2: Ball
2-2: Ball
3-2: Fly out, F7 (Flyball, 78D)
Batting: RHB Raúl Guerrero 0-0: Ball
1-0: Ball
2-0: Ball
3-0: Base on Balls
Batting: RHB Enrique Ibarra 0-0: Ball
1-0: Swinging Strike
1-1: Foul Ball, location: 2F
1-2: Strikes out looking
Batting: LHB Ignacio Martínez 0-0: Called Strike
0-1: Fly out, F8 (Flyball, 8RM)
Bottom of the 3rd over - 0 runs, 0 hits, 0 errors, 1 left on base; Phoenix 1 - Pennsauken 0
TOP OF THE 4TH
Phoenix Hotspur Reserves batting - Pitching for Pennsauken Flyers : RHP Romano Martínez
Batting: RHB Satoshi Terada 0-0: Called Strike
0-1: Ball
1-1: Foul Ball, location: 2F
1-2: Ball
2-2: Foul Ball, location: 2F
2-2: Hit by Pitch
Batting: RHB Solomon Norment 0-0: Foul Ball, location: 2F
0-1: Foul Ball, location: 2F
0-2: Strikes out swinging
Batting: RHB Bernardo Rivera 0-0: Ball
1-0: Called Strike
1-1: Foul Ball, location: 2F
1-2: SINGLE (Line Drive, 7LS)
Satoshi Terada to second
Batting: RHB Germán Alfaro 0-0: Ball
1-0: Ball
2-0: Ball
Passed Ball!
Satoshi Terada to third
Bernardo Rivera to second
3-0: Base on Balls
Batting: RHB Carl Tucker 0-0: Foul Ball, location: 2F
0-1: Fielders Choice at 2nd, 3-6 (Groundball, 34)
Satoshi Terada scores
Bernardo Rivera to third
Batting: RHB Sinfronio Vitor 0-0: Swinging Strike
0-1: Foul Ball, location: 2F
0-2: Ball
1-2: Strikes out swinging
Top of the 4th over - 1 run, 1 hit, 0 errors, 2 left on base; Phoenix 2 - Pennsauken 0
BOTTOM OF THE 4TH
Pennsauken Flyers batting - Pitching for Phoenix Hotspur Reserves : RHP Larry Souder
Batting: RHB José Rodríguez 0-0: Called Strike
0-1: Ball
1-1: Foul Ball, location: 2F
1-2: Ball
2-2: Ball
3-2: Fly out, F7 (Flyball, 78D)
Batting: LHB Arana Sashi 0-0: Ball
1-0: Foul Ball, location: 2F
1-1: Ball
2-1: Ball
3-1: Base on Balls
Batting: SHB Chris Williamson 0-0: Ball
1-0: Called Strike
1-1: Fielders Choice at 2nd, 1-4 (Groundball, 15)
Batting: RHB Raúl Moreno 0-0: Ground out 6-3 (Groundball, 6M)
Bottom of the 4th over - 0 runs, 0 hits, 0 errors, 1 left on base; Phoenix 2 - Pennsauken 0
TOP OF THE 5TH
Phoenix Hotspur Reserves batting - Pitching for Pennsauken Flyers : RHP Romano Martínez
Batting: RHB Jim Justice 0-0: Called Strike
0-1: Ball
1-1: SINGLE (Groundball, 56D)
Batting: RHB Hieronymus Bosch 0-0: Called Strike
0-1: Foul Ball, location: 2F
0-2: Grounds into double play, 6-4-3 (Groundball, 56)
Batting: LHB Jason DeGeorge 0-0: Foul Ball, location: 2F
0-1: Ground out 4-3 (Groundball, 4)
Top of the 5th over - 0 runs, 1 hit, 0 errors, 0 left on base; Phoenix 2 - Pennsauken 0
BOTTOM OF THE 5TH
Pennsauken Flyers batting - Pitching for Phoenix Hotspur Reserves : RHP Larry Souder
Batting: RHB Dave Ash 0-0: Called Strike
0-1: Called Strike
0-2: Ball
1-2: Ball
2-2: Foul Ball, location: 2F
2-2: Foul Ball, location: 2F
2-2: Strikes out swinging, 2-3 out at first.
Batting: RHB Roy McFerran 0-0: Ground out 6-3 (Groundball, 6)
Batting: RHB Raúl Guerrero 0-0: Called Strike
0-1: Ball
1-1: Fly out, F8 (Line Drive, 8LD)
Bottom of the 5th over - 0 runs, 0 hits, 0 errors, 0 left on base; Phoenix 2 - Pennsauken 0
TOP OF THE 6TH
Phoenix Hotspur Reserves batting - Pitching for Pennsauken Flyers : RHP Romano Martínez
Batting: RHB Satoshi Terada 0-0: Called Strike
0-1: Ball
1-1: Swinging Strike
1-2: Strikes out looking
Batting: RHB Solomon Norment 0-0: SINGLE (Flyball, 6MD)
Batting: RHB Bernardo Rivera 0-0: Ball
1-0: Ball
2-0: Called Strike
2-1: Ball
3-1: Foul Ball, location: 2F
3-2: Fly out, F9 (Flyball, 9S)
Batting: RHB Germán Alfaro 0-0: Called Strike
0-1: Ground out 4-3 (Groundball, 4)
Top of the 6th over - 0 runs, 1 hit, 0 errors, 1 left on base; Phoenix 2 - Pennsauken 0
BOTTOM OF THE 6TH
Pennsauken Flyers batting - Pitching for Phoenix Hotspur Reserves : RHP Larry Souder
Batting: RHB Enrique Ibarra 0-0: Swinging Strike
0-1: Swinging Strike
0-2: Ball
1-2: Strikes out swinging, 2-3 out at first.
Batting: LHB Ignacio Martínez 0-0: Ball
1-0: Ball
2-0: Ball
3-0: Base on Balls
Batting: RHB José Rodríguez 0-0: SINGLE (Flyball, 7LS)
Ignacio Martínez to second
Batting: LHB Arana Sashi 0-0: Called Strike
0-1: Swinging Strike
0-2: Strikes out swinging
Batting: SHB Chris Williamson 0-0: Ball
1-0: Ball
2-0: Reached via error on a dropped throw, E3
Ignacio Martínez to third
José Rodríguez to second
Batting: RHB Raúl Moreno 0-0: Ball
1-0: Ball
2-0: Ball
3-0: Swinging Strike
3-1: Foul Ball, location: 2F
3-2: Base on Balls
Ignacio Martínez scores
José Rodríguez to third
Chris Williamson to second
Batting: RHB Dave Ash 0-0: Ball
1-0: Called Strike
1-1: SINGLE (Groundball, 6MD)
José Rodríguez scores
Chris Williamson to third
Raúl Moreno to second
Runner from 3rd tries for Home, SAFE, no throw
Batting: RHB Roy McFerran 0-0: Called Strike
0-1: Swinging Strike
0-2: Strikes out swinging
Bottom of the 6th over - 3 runs, 2 hits, 1 error, 2 left on base; Phoenix 2 - Pennsauken 3
TOP OF THE 7TH
Phoenix Hotspur Reserves batting - Pitching for Pennsauken Flyers : RHP Romano Martínez
Batting: RHB Carl Tucker 0-0: Foul Ball, location: 2F
0-1: Ball
1-1: Ball
2-1: Foul Ball, location: 2F
2-2: Fly out, F7 (Flyball, 7LD)
Batting: RHB Sinfronio Vitor 0-0: Ground out 5-3 (Groundball, 56S)
Batting: RHB Jim Justice 0-0: Foul Ball, location: 2F
0-1: Ball
1-1: Ball
2-1: SINGLE (Line Drive, 6D)
Batting: RHB Hieronymus Bosch 0-0: Ball
1-0: Ball
2-0: Swinging Strike
2-1: SINGLE (Groundball, 6MD)
Jim Justice to second
Runner from 2nd tries for 3rd, SAFE, no throw
Batting: LHB Jason DeGeorge 0-0: Ball
1-0: Foul Ball, location: 2F
1-1: SINGLE (Line Drive, 89S)
Jim Justice scores
Hieronymus Bosch to second
Runner from 2nd tries for 3rd, SAFE, no throw
Pinch Hitting: LHB António Escalante 0-0: Ball
1-0: Ball
2-0: Ball
3-0: Called Strike
3-1: Base on Balls
Jason DeGeorge to second
Batting: RHB Solomon Norment 0-0: Called Strike
0-1: Ball
1-1: Ball
2-1: Fly out, F9 (Flyball, 9D)
Top of the 7th over - 1 run, 3 hits, 0 errors, 3 left on base; Phoenix 3 - Pennsauken 3
BOTTOM OF THE 7TH
Pennsauken Flyers batting - Pitching for Phoenix Hotspur Reserves : RHP Larry Souder
Now at 1B: Marc Meertens
Pinch Hitting: RHB Leo Cadden 0-0: Fly out, F7 (Line Drive, 7D)
Batting: RHB Enrique Ibarra 0-0: Foul Ball, location: 2F
0-1: Ball
1-1: Ball
2-1: Foul Ball, location: 2F
2-2: Ball
3-2: Foul Ball, location: 2F
3-2: SINGLE (Flyball, 89S)
Batting: LHB Ignacio Martínez 0-0: Ball
1-0: Ground out 4-3 (Groundball, 34)
Enrique Ibarra to second
Batting: RHB José Rodríguez 0-0: Ball
1-0: Called Strike
1-1: Ball
2-1: Foul Ball, location: 2F
2-2: DOUBLE (Line Drive, 89D)
Enrique Ibarra scores
Batting: LHB Arana Sashi 0-0: Foul Ball, location: 2F
0-1: Ball
1-1: Foul Ball, location: 2F
1-2: DOUBLE (Flyball, 7LD)
José Rodríguez scores
Batting: SHB Chris Williamson 0-0: Called Strike
0-1: Foul Ball, location: 2F
0-2: 2-RUN HOME RUN (Flyball, 9LD), Distance : 355 ft
Pitching: RHP Dylan Guérin
Batting: RHB Raúl Moreno 0-0: Foul Ball, location: 2F
0-1: SINGLE (Groundball, 6D)
Batting: RHB Dave Ash 0-0: Called Strike
0-1: Swinging Strike
0-2: Foul Ball, location: 2F
0-2: SINGLE (Line Drive, 9S)
Raúl Moreno to second
Runner from 2nd tries for 3rd, SAFE, no throw
Batting: RHB Roy McFerran 0-0: Ball
1-0: Fielders Choice at 2nd, 6-4 (Groundball, 6)
Bottom of the 7th over - 4 runs, 6 hits, 0 errors, 2 left on base; Phoenix 3 - Pennsauken 7
TOP OF THE 8TH
Phoenix Hotspur Reserves batting - Pitching for Pennsauken Flyers : RHP Romano Martínez
Now in LF: Leo Cadden
Batting: RHB Bernardo Rivera 0-0: Fly out, F6 (Popup, 6MS)
Batting: RHB Germán Alfaro 0-0: Ball
1-0: Ball
2-0: Ball
3-0: Called Strike
3-1: Fly out, F6 (Popup, 6M)
Batting: RHB Carl Tucker 0-0: Foul Ball, location: 2F
0-1: Ball
1-1: Called Strike
1-2: Strikes out looking
Top of the 8th over - 0 runs, 0 hits, 0 errors, 0 left on base; Phoenix 3 - Pennsauken 7
BOTTOM OF THE 8TH
Pennsauken Flyers batting - Pitching for Phoenix Hotspur Reserves : RHP Dylan Guérin
Batting: RHB Leo Cadden 0-0: Ball
1-0: Ball
2-0: Ball
3-0: Foul Ball, location: 2F
3-1: Base on Balls
Batting: RHB Enrique Ibarra 0-0: Ball
1-0: Ball
2-0: Ball
3-0: Called Strike
3-1: Base on Balls
Leo Cadden to second
Pitching: RHP Ty McDaniel
Batting: LHB Ignacio Martínez 0-0: Bunted foul
0-1: Sac Bunt - play at first, batter OUT! 1-4
Leo Cadden to third
Enrique Ibarra to second
Batting: RHB José Rodríguez 0-0: Ball
1-0: Ball
2-0: Foul Ball, location: 2F
2-1: Foul Ball, location: 2F
2-2: Strikes out looking
Batting: LHB Arana Sashi 0-0: Ball
1-0: Ball
2-0: Swinging Strike
2-1: Foul Ball, location: 2F
2-2: Ground out 4-3 (Groundball, 4)
Bottom of the 8th over - 0 runs, 0 hits, 0 errors, 2 left on base; Phoenix 3 - Pennsauken 7
TOP OF THE 9TH
Phoenix Hotspur Reserves batting - Pitching for Pennsauken Flyers : RHP Romano Martínez
Pitching: RHP Martin Ortíz
Batting: RHB Sinfronio Vitor 0-0: Swinging Strike
0-1: Foul Ball, location: 2F
0-2: Strikes out looking
Pitching: RHP Sergio Reyes
Batting: RHB Jim Justice 0-0: Ball
1-0: Called Strike
1-1: Ball
2-1: Ball
3-1: Swinging Strike
3-2: Base on Balls
Batting: RHB Hieronymus Bosch 0-0: Foul Ball, location: 2F
0-1: Ball
1-1: Swinging Strike
1-2: Ball
2-2: Fly out, F7 (Flyball, 78D)
Batting: LHB Jason DeGeorge 0-0: Ball
1-0: Ball
2-0: Called Strike
2-1: SINGLE (Line Drive, 56D)
Jim Justice to second
Batting: RHB Marc Meertens 0-0: Swinging Strike
0-1: Ball
1-1: Foul Ball, location: 2F
1-2: Ball
2-2: Ball
Wild Pitch!
Jim Justice to third
Jason DeGeorge to second
3-2: DOUBLE (Line Drive, 78M)
Jim Justice scores
Jason DeGeorge scores
Pitching: RHP Manny Benavides
Batting: RHB Solomon Norment 0-0: Ball
1-0: Foul Ball, location: 2F
1-1: Swinging Strike
1-2: Fly out, F5 (Line Drive, 5S)
Top of the 9th over - 2 runs, 2 hits, 0 errors, 1 left on base; Phoenix 5 - Pennsauken 7
Friday, March 29th, 2019 - OOTP Baseball 18.8 Build 76